 Dungeon Crawl Stone Soup version 0.27.0-1-g7a089689b8 (webtiles) character file.

Game seed: 5503686424133957270

3 BOMJPIETVODKU the Digger (level 1, -4/13 HPs)
             Began as a Gnoll Earth Elementalist on Aug 2, 2021.
             Slain by a quokka (5 damage)
             ... on level 1 of the Dungeon.
             The game lasted 00:00:31 (176 turns).

BOMJPIETVODKU the Digger (Gnoll Earth Elementalist)  Turns: 176, Time: 00:00:32

Health: -4/13      AC:  2    Str:  7    XL:     1   Next: 50%
Magic:  6/6        EV: 13    Int: 14    God:
Gold:   0          SH:  0    Dex: 12    Spells: 8/9 levels left

rFire    . . .     SeeInvis .   a - +0 hand axe
rCold    . . .     Faith    .   (no shield)
rNeg     . . .     Spirit   .   b - +0 robe
rPois    .         Reflect  .   (no helmet)
rElec    .         Harm     .   (no cloak)
rCorr    .         Rampage  .   (no gloves)
Will     .....                  (no boots)
Stlth    ++........             (no amulet)
HPRegen  0.04/turn              (no ring)
MPRegen  0.10/turn              (no ring)

@: no status effects
A: fangs 1, strong nose, distributed training
a: no special abilities


You were on level 1 of the Dungeon.
You visited 1 branch of the dungeon, and saw 1 of its levels.

Inventory:

Hand Weapons
 a - a +0 hand axe (weapon)
Missiles
 c - 25 stones
Armour
 b - a +0 robe (worn)


   Skills:
 + Level 0.0 Fighting
 + Level 0.0 Short Blades
 + Level 0.0 Long Blades
 + Level 0.0 Axes
 + Level 0.0 Maces & Flails
 + Level 0.0 Polearms
 + Level 0.0 Staves
 + Level 0.0 Slings
 + Level 0.0 Bows
 + Level 0.0 Crossbows
 + Level 0.0 Throwing
 + Level 0.0 Armour
 + Level 4.4 Dodging
 + Level 4.0 Stealth
 + Level 0.0 Shields
 + Level 0.0 Unarmed Combat
 + Level 4.8 Spellcasting
 + Level 0.0 Conjurations
 + Level 0.0 Hexes
 + Level 0.0 Summonings
 + Level 0.0 Necromancy
 + Level 0.0 Translocations
 + Level 1.9 Transmutations
 + Level 0.0 Fire Magic
 + Level 0.0 Ice Magic
 + Level 0.0 Air Magic
 + Level 5.3 Earth Magic
 + Level 0.0 Poison Magic
 + Level 0.1 Invocations
 + Level 0.0 Evocations


You had 8 spell levels left.
You knew the following spells:

 Your Spells              Type           Power      Damage    Failure   Level
a - Sandblast             Erth           36%        2d10      1%          1

Your spell library contained the following spells:

 Spells                   Type           Power      Damage    Failure   Level
 Passwall                 Tmut/Erth      10%        N/A       6%          2
 Stone Arrow              Conj/Erth      20%        3d8       17%         3
 Petrify                  Tmut/Erth      13%        N/A       36%         4


Dungeon Overview and Level Annotations

Branches:
Dungeon (1/15)

Altars:


Innate Abilities, Weirdness & Mutations

You have very sharp teeth.
Your uncanny sense of smell can sniff out nearby items.
Your experience applies equally to all skills.


Message History

a - a +0 hand axe (weapon)
You start resting.
Magic restored.
You start resting.
HP restored.
You open the door.
There is an open door here.
A dart slug comes into view.
A quokka comes into view.
Found a stone staircase leading down.
The helpless dart slug fails to defend itself.
You hit the dart slug.
The dart slug is severely wounded.
The dart slug barely misses you. The quokka bites you.
You barely miss the dart slug.
The dart slug is severely wounded.
You barely miss the quokka. The quokka misses you.
The dart slug closely misses you. The quokka barely misses you.
You hit the dart slug but do no damage.
The dart slug is severely wounded.
You hit the quokka. The quokka barely misses you.
The dart slug closely misses you.
You hit the dart slug but do no damage.
The dart slug is severely wounded.
You hit the quokka. The quokka closely misses you.
The dart slug barely misses you. The quokka barely misses you.
You hit the quokka.
The quokka is severely wounded.
The quokka bites you. The quokka closely misses you.
You closely miss the quokka.
The quokka is severely wounded.
The quokka bites you.
You closely miss the quokka.
The quokka is severely wounded.
The quokka bites you. x2
* * * LOW HITPOINT WARNING * * *
You hit the quokka but do no damage.
The quokka is severely wounded.
The quokka bites you.
You die...

######## ####
###......# ...
#.'......#
##.##.#......#####
#.wr@.#.#####....#
#..####.# #....#
#.. #.# #....# #..
..#####....# #.>
.###.......####
#..
........†.......
#..
#.###.....#.####
.## #. #######.#
#.#


You could see a dart slug and a quokka.

Vanquished Creatures
  2 ball pythons (D:1)
  A giant cockroach (D:1)
3 creatures vanquished.

Notes
Turn   | Place    | Note
-------+----------+-------------------------------------------
     0 | D:1      | BOMJPIETVODKU the Gnoll Earth Elementalist began the quest
                  | for the Orb.
     0 | D:1      | Reached XP level 1. HP: 13/13 MP: 6/6
   176 | D:1      | Slain by a quokka

Illustrated notes

Levels and vault maps discovered:
D:1:      ncdulo_smallfort, layout_basic

Action                   || total
-------------------------++-------
Melee: Unarmed           ||    14
       Hand axe          ||     8
 Cast: Sandblast         ||     5
 Stab: Sleeping          ||     1
Armor: Robe              ||     3
Dodge: Dodged            ||    23
